[Event "Titled Tuesday Blitz April 26 Early 2022"]
[White "Sirosh, Ilja"]
[Black "Ovezdurdyyeva, Jemal"]
[WhiteFideId "4500458"]
[BlackFideId "14001888"]
[WhiteElo "2241"]
[BlackElo "1946"]
[Result "1-0"]
[Round "06"]
[TimeControl "180+1"]
[Date "2022.04.26"]
[WhiteClock "0:01:35"]
[BlackClock "0:01:23"]

1. e4 d6 2. d4 Nf6 3. Nc3 g6 4. Nf3 c6 5. a4 Bg7 6. Be2 Nbd7 7. O-O e5 8. dxe5 dxe5 9. h3 O-O 10. Be3 Qe7 11. Bc4 Nh5 12. Qd2 Nc5 13. Rfd1 Be6 14. Bxc5 Qxc5 15. Bxe6 fxe6 16. Qd6 Qxd6 17. Rxd6 Rae8 18. Ng5 Rf6 19. Rad1 h6 20. Rd8 Kf8 21. Nh7+ Ke7 22. R8d7# 1-0


[Site "https://www.chess.com"]

[Event "Titled Tuesday Blitz April 26 Early 2022"]
[White "Skliarov, Viktor"]
[Black "Hoffmann, Asa"]
[WhiteFideId "14106736"]
[BlackFideId "2001470"]
[WhiteElo "2229"]
[BlackElo "2117"]
[Result "1-0"]
[Round "06"]
[TimeControl "180+1"]
[Date "2022.04.26"]
[WhiteClock "0:00:08"]
[BlackClock "0:00:41"]

1. e4 d6 2. d4 Nf6 3. Nc3 c6 4. f3 Nbd7 5. Be3 e5 6. Nge2 Be7 7. Qd2 b5 8. g4 Nb6 9. Ng3 Qc7 10. g5 Nfd7 11. Nf5 Bf8 12. O-O-O g6 13. dxe5 dxe5 14. Nd6+ Bxd6 15. Qxd6 Qxd6 16. Rxd6 Bb7 17. Nxb5 cxb5 18. Bxb5 O-O-O 19. Rhd1 Kc7 20. Bxd7 Nxd7 21. Bxa7 Bc6 22. a3 Rhe8 23. Be3 Re6 24. R6d3 Rf8 25. c4 f5 26. gxf6 Rfxf6 27. b4 Rxf3 28. b5 Rxe3 29. Rxe3 Bb7 30. a4 Nc5 31. a5 Bxe4 32. b6+ Kb7 33. Kb2 Bc6 34. Rf1 Re7 35. Kc3 e4 36. Rf8 Nd7 37. Rh8 Nf6 38. Kb4 Ng4 39. Ra3 e3 40. c5 e2 41. a6# 1-0


[Site "https://www.chess.com"]

[Event "Titled Tuesday Blitz April 26 Early 2022"]
[White "Srebrnic, Marko"]
[Black "Kollars, Dmitrij"]
[WhiteFideId "14603616"]
[BlackFideId "12909572"]
[WhiteElo "2280"]
[BlackElo "2903"]
[Result "0-1"]
[Round "06"]
[TimeControl "180+1"]
[Date "2022.04.26"]
[WhiteClock "0:00:02"]
[BlackClock "0:01:05"]

1. e4 c5 2. Nf3 d6 3. d4 cxd4 4. Nxd4 Nf6 5. Nc3 a6 6. Bc4 e6 7. O-O b5 8. Bb3 Qc7 9. Qf3 Be7 10. Qg3 O-O 11. Bh6 Ne8 12. Rfe1 Kh8 13. Bg5 Bxg5 14. Qxg5 b4 15. Nce2 a5 16. c3 Nf6 17. Bc2 Bb7 18. f3 Nbd7 19. Rac1 bxc3 20. bxc3 Qc5 21. Qe3 g6 22. Qf2 Ba6 23. Ba4 Ne5 24. Bc2 Rab8 25. Rb1 Bd3 26. Red1 Rxb1 27. Bxb1 Bxe2 28. Nxe2 Rb8 29. Qxc5 dxc5 30. f4 Nc4 31. Bd3 Na3 32. e5 Nd5 33. Be4 Rb2 34. Bxd5 Rxe2 35. Bc6 Rxa2 36. Be8 Nc4 37. Rd3 Rd2 38. Rxd2 Nxd2 39. Kf2 Kg7 40. Ke3 Nc4+ 41. Kd3 Nb6 42. c4 Kf8 43. Bb5 Ke7 44. Kc3 f6 45. g3 fxe5 46. fxe5 g5 47. g4 h6 48. h3 Kd8 49. Kb3 Kc7 50. Ka3 Nc8 51. Ka4 Kb6 52. Kb3 Ne7 53. Bd7 Ng6 54. Bxe6 Nxe5 55. Bf5 Nf3 56. Kc3 Nd4 57. Bd7 Kc7 58. Be8 Kd6 59. Kd3 Ne6 60. Ke4 Nf4 61. h4 Ke6 62. hxg5 hxg5 63. Ba4 Ne2 64. Bc6 a4 65. Ke3 a3 66. Bd5+ Ke5 67. Kxe2 a2 0-1


[Site "https://www.chess.com"]

[Event "Titled Tuesday Blitz April 26 Early 2022"]
[White "Starozhilov, Leonid"]
[Black "Richter, Nils"]
[WhiteFideId "14106752"]
[BlackFideId "12990809"]
[WhiteElo "2726"]
[BlackElo "2479"]
[Result "1/2-1/2"]
[Round "06"]
[TimeControl "180+1"]
[Date "2022.04.26"]
[WhiteClock "0:00:05"]
[BlackClock "0:00:57"]

1. e4 e6 2. d3 d5 3. Nd2 c5 4. Ngf3 Nc6 5. g3 Bd6 6. Bg2 Nge7 7. b3 O-O 8. Bb2 f6 9. O-O Bd7 10. d4 cxd4 11. exd5 Nxd5 12. Nxd4 Nxd4 13. Bxd4 Bc6 14. Ne4 e5 15. Bb2 Be7 16. Qe2 Qa5 17. c4 Nc7 18. a3 Ne6 19. b4 Qc7 20. b5 Bxe4 21. Bxe4 Bc5 22. Bd5 Rae8 23. Kg2 Kh8 24. Qe4 f5 25. Qxe5 Bd6 26. Qc3 Nc5 27. Rae1 Na4 28. Qc2 Nxb2 29. Qxb2 f4 30. a4 Re5 31. Rxe5 Bxe5 32. Qe2 b6 33. Qe4 Bd6 34. Re1 Bc5 35. f3 fxg3 36. hxg3 Qd6 37. Rh1 h6 38. Qe6 Qxe6 39. Bxe6 Rd8 40. Bd5 Re8 41. Ra1 Re2+ 42. Kh3 g5 43. Kg4 Kg7 44. a5 Re7 45. axb6 axb6 46. Ra8 Kg6 47. Be4+ Kg7 48. Rc8 Rd7 49. Rc6 Rd6 50. Rc7+ Kf6 51. Bd5 Ke5 52. Re7+ Kd4 53. Re4+ Kc3 54. f4 gxf4 55. gxf4 Kd3 56. Re8 Rf6 57. f5 Kd4 58. Be6 Rf8 59. Rxf8 Bxf8 60. Kh5 Ke5 61. Kg6 h5 62. Kxh5 Kf6 63. Kg4 Bc5 64. Kf4 Bb4 65. Ke4 Bc5 66. Kd5 Bf8 67. Kc6 Bc5 68. Bc8 Bg1 69. Kc7 Bc5 70. Be6 Bg1 71. Kd7 Bc5 72. Kc6 Bg1 73. Kd7 Bc5 74. Kc6 Bg1 75. Kd7 1/2-1/2


[Site "https://www.chess.com"]

[Event "Titled Tuesday Blitz April 26 Early 2022"]
[White "Stelmaszyk, Nico"]
[Black "Tatarinov, Dmitry"]
[WhiteFideId "16200462"]
[BlackFideId "24160067"]
[WhiteElo "2393"]
[BlackElo "2642"]
[Result "0-1"]
[Round "06"]
[TimeControl "180+1"]
[Date "2022.04.26"]
[WhiteClock "0:01:42"]
[BlackClock "0:01:42"]

1. e4 c5 2. Nf3 d6 3. c3 Nf6 4. Be2 g6 5. O-O Bg7 6. Re1 O-O 7. Bf1 Bg4 8. h3 Bxf3 9. Qxf3 Nc6 10. d3 Rb8 11. Bg5 b5 12. Nd2 b4 13. c4 Nd4 14. Qd1 a5 15. Be3 Nd7 16. Rb1 Qc7 17. g3 e6 18. Bg2 a4 19. Nf3 Nxf3+ 20. Bxf3 b3 21. a3 Ne5 22. Bg2 Nc6 23. Qd2 Nd4 24. Bxd4 Bxd4 25. Kh2 Kg7 26. f4 Rbe8 27. Re2 f5 28. Rbe1 e5 29. exf5 Rxf5 30. Bd5 Ref8 31. Re4 h5 32. R1e2 h4 33. fxe5 Rf2+ 34. Kh1 Rf1+ 35. Kg2 R8f2+ 36. Rxf2 Rxf2+ 37. Qxf2 Bxf2 38. Kxf2 hxg3+ 39. Kxg3 dxe5 40. Re2 e4+ 41. Kf2 exd3 42. Re3 Qf4+ 43. Bf3 d2 44. Rd3 Qh2+ 45. Ke3 d1=Q 46. Rxd1 Qxb2 0-1


[Site "https://www.chess.com"]

[Event "Titled Tuesday Blitz April 26 Early 2022"]
[White "Subelj, Jan"]
[Black "Petrovskyi, Vadym"]
[WhiteFideId "14618583"]
[BlackFideId "14165210"]
[WhiteElo "2527"]
[BlackElo "2767"]
[Result "0-1"]
[Round "06"]
[TimeControl "180+1"]
[Date "2022.04.26"]
[WhiteClock "0:00:35"]
[BlackClock "0:00:52"]

1. d4 Nf6 2. Nf3 g6 3. Bf4 Bg7 4. e3 O-O 5. Be2 d6 6. O-O Nfd7 7. c3 Nc6 8. Nbd2 b6 9. h3 Bb7 10. Re1 e5 11. Bh2 f5 12. dxe5 dxe5 13. Bc4+ Kh8 14. e4 Qe7 15. exf5 gxf5 16. Bd5 Rad8 17. Qa4 Nc5 18. Qc4 Na5 19. Bxb7 Nxc4 20. Nxc4 Nxb7 21. Nfxe5 Qc5 22. b4 Qd5 23. Ne3 Qe6 24. Nc2 Rfe8 25. Nd4 Qd5 26. Ndc6 Nd6 27. Rad1 Qxa2 28. Nxd8 Rxd8 29. c4 Kg8 30. c5 Nf7 31. Nd7 Qa4 32. b5 Qxb5 33. Re7 Qa4 34. Rde1 Rxd7 35. Re8+ Bf8 36. Bf4 Qxf4 0-1


[Site "https://www.chess.com"]

[Event "Titled Tuesday Blitz April 26 Early 2022"]
[White "Svane, Frederik"]
[Black "Dubov, Daniil"]
[WhiteFideId "12923044"]
[BlackFideId "24126055"]
[WhiteElo "2459"]
[BlackElo "2791"]
[Result "0-1"]
[Round "06"]
[TimeControl "180+1"]
[Date "2022.04.26"]
[WhiteClock "0:00:08"]
[BlackClock "0:01:21"]

1. e4 c5 2. Nf3 e6 3. c3 Nf6 4. e5 Nd5 5. d4 cxd4 6. cxd4 b6 7. Bc4 Ba6 8. b3 Qc8 9. Nbd2 b5 10. Bd3 Qc3 11. O-O Qxd3 12. Bb2 Nc6 13. Re1 Qg6 14. Ne4 Be7 15. Ng3 h5 16. h4 b4 17. Rc1 O-O 18. Re4 f5 19. exf6 Bxf6 20. Ne5 Bxe5 21. dxe5 Rac8 22. Qxh5 Qxh5 23. Nxh5 Nce7 24. Ree1 Ng6 25. Ng3 Nxh4 26. Re4 Nf5 27. Rxc8 Rxc8 28. Nxf5 exf5 29. Rd4 Bb7 0-1


[Site "https://www.chess.com"]

[Event "Titled Tuesday Blitz April 26 Early 2022"]
[White "Swiercz, Dariusz"]
[Black "Moroni, Luca Jr"]
[WhiteFideId "1126881"]
[BlackFideId "865834"]
[WhiteElo "2627"]
[BlackElo "2573"]
[Result "0-1"]
[Round "06"]
[TimeControl "180+1"]
[Date "2022.04.26"]
[WhiteClock "0:00:04"]
[BlackClock "0:00:06"]

1. Nf3 g6 2. b3 Bg7 3. d4 c5 4. e3 Nc6 5. Bb2 cxd4 6. Nxd4 Nxd4 7. Bxd4 Bxd4 8. Qxd4 Nf6 9. c4 O-O 10. Nc3 Qa5 11. Qd2 Rd8 12. Rd1 d6 13. Be2 Be6 14. Bf3 Rab8 15. O-O Nd7 16. Bd5 Bxd5 17. Nxd5 Qxd2 18. Rxd2 Kf8 19. Nc3 a6 20. a4 Nc5 21. Rb1 Rbc8 22. a5 Nd7 23. Na4 Ne5 24. Kf1 Ke8 25. Ke2 Rc7 26. Nb6 Rc5 27. Ra2 e6 28. f4 Nd7 29. Nxd7 Kxd7 30. g4 h5 31. g5 e5 32. Kf3 Ke6 33. Rd1 d5 34. Rad2 e4+ 35. Kf2 Rxa5 36. b4 Ra4 37. cxd5+ Kd6 38. Rd4 Re8 39. R1d2 Ra1 40. Rb2 Rc1 41. b5 a5 42. b6 Rc5 43. h4 Rxd5 44. Rxd5+ Kxd5 45. Rb5+ Kc6 46. Rxa5 Kxb6 47. Ra4 Kc5 48. Ke2 Re7 49. Kd2 b5 50. Ra6 Kb4 51. Rf6 Rc7 52. Kd1 Kb3 53. f5 gxf5 54. Rxf5 b4 55. Re5 Kc3 56. Rxe4 b3 57. Kc1 Ra7 58. Kd1 b2 59. Ke2 b1=Q 60. Re8 Qc2+ 61. Kf3 Qf5+ 62. Ke2 Ra2+ 0-1


[Site "https://www.chess.com"]

[Event "Titled Tuesday Blitz April 26 Early 2022"]
[White "Tanenbaum, Zachary"]
[Black "Devaev, Alexander"]
[WhiteFideId "2060850"]
[BlackFideId "4169395"]
[WhiteElo "2713"]
[BlackElo "2467"]
[Result "1-0"]
[Round "06"]
[TimeControl "180+1"]
[Date "2022.04.26"]
[WhiteClock "0:00:06"]
[BlackClock "0:00:01"]

1. e4 c6 2. d4 d5 3. exd5 cxd5 4. Bd3 Nc6 5. c3 g6 6. Bf4 Nh6 7. Nf3 Bf5 8. O-O Bg7 9. Re1 O-O 10. Na3 Re8 11. Nc2 Rc8 12. Ne3 Bxd3 13. Qxd3 e6 14. Re2 Nf5 15. Ng4 Nd6 16. Nh6+ Kf8 17. Ne5 Nxe5 18. dxe5 Ne4 19. Qf3 Rc7 20. Rd1 g5 21. Qh5 gxf4 22. Rxe4 dxe4 23. Rxd8 Rxd8 24. h3 Rd5 25. Ng4 h6 26. Qh4 Rcd7 27. Nf6 Rd1+ 28. Kh2 R7d2 29. Qxf4 Re2 30. Nxe4 Rde1 31. f3 Ke7 32. Nf6 Rxe5 33. Ng4 Rf5 34. Qb4+ Ke8 35. Qxb7 h5 36. Qa8+ Ke7 37. Qxa7+ Ke8 38. Qb8+ Ke7 39. Qb4+ Ke8 40. Nf2 Be5+ 41. g3 h4 42. Ne4 hxg3+ 43. Kg2 Re2+ 44. Kf1 Rxe4 45. Qxe4 f6 46. Kg2 Kf7 47. h4 Kg6 48. Qg4+ Kf7 49. h5 Rg5 50. Qh4 Kg7 51. f4 Bxf4 52. Qxf4 e5 53. Qf3 Kh6 54. Qxf6+ Kxh5 55. Qxg5+ Kxg5 56. Kxg3 Kf5 57. Kf3 1-0


[Site "https://www.chess.com"]

[Event "Titled Tuesday Blitz April 26 Early 2022"]
[White "Tasev, Dejan"]
[Black "Butti, Enrique"]
[WhiteFideId "936618"]
[BlackFideId "3700470"]
[WhiteElo "2607"]
[BlackElo "2028"]
[Result "1-0"]
[Round "06"]
[TimeControl "180+1"]
[Date "2022.04.26"]
[WhiteClock "0:01:49"]
[BlackClock "0:01:25"]

1. e4 c5 2. Nf3 d6 3. Nc3 Nf6 4. d4 cxd4 5. Nxd4 a6 6. Bc4 e6 7. Bb3 Nc6 8. Be3 Bd7 9. f3 Rc8 10. Qd2 Ne5 11. O-O-O Nc4 12. Bxc4 Rxc4 13. g4 Bc8 14. h4 Qc7 15. h5 h6 16. Nb3 Rxc3 17. Qxc3 Qxc3 18. bxc3 Nd7 19. Bf4 Ne5 20. Bxe5 dxe5 21. Kb2 Be7 22. Rd3 O-O 23. Rhd1 f5 24. Rd7 Bxd7 25. Rxd7 Bg5 26. Rxb7 fxe4 27. fxe4 Rf4 28. Nc5 Rxg4 29. Nxe6 Rxe4 30. Rxg7+ Kh8 31. Ra7 Rh4 32. Rxa6 Rxh5 33. Ra8+ Kh7 34. a4 Rh1 35. a5 e4 36. a6 e3 37. Nd4 Rd1 38. a7 1-0


[Site "https://www.chess.com"]

[Event "Titled Tuesday Blitz April 26 Early 2022"]
[White "Todorovic, Bojan"]
[Black "Kosteniuk, Alexandra"]
[WhiteFideId "917087"]
[BlackFideId "4128125"]
[WhiteElo "2266"]
[BlackElo "2469"]
[Result "1-0"]
[Round "06"]
[TimeControl "180+1"]
[Date "2022.04.26"]
[WhiteClock "0:00:04"]
[BlackClock "0:00:17"]

1. d4 Nf6 2. c4 e6 3. Nc3 d5 4. cxd5 Nxd5 5. e4 Nxc3 6. bxc3 c5 7. Rb1 Nc6 8. Nf3 cxd4 9. cxd4 Bb4+ 10. Bd2 Bxd2+ 11. Qxd2 O-O 12. Bc4 b6 13. O-O Bb7 14. Rfd1 Rc8 15. Qf4 Na5 16. Bd3 Qf6 17. Qg3 Rfd8 18. e5 Qh6 19. Ng5 g6 20. Be4 Ba6 21. d5 Be2 22. Re1 exd5 23. Qf4 Qg7 24. Rxe2 dxe4 25. Nxe4 Rc4 26. Nf6+ Kh8 27. Qg3 Rcd4 28. Rbe1 Nc4 29. h4 h5 30. Qg5 Rd1 31. e6 Rxe1+ 32. Rxe1 fxe6 33. Nxh5 Qc7 34. Qxg6 e5 35. Nf6 Rd7 36. Qh6+ Rh7 37. Qf8# 1-0


[Site "https://www.chess.com"]

[Event "Titled Tuesday Blitz April 26 Early 2022"]
[White "Urazayev, Arystanbek"]
[Black "Matamoros Franco, Carlos S."]
[WhiteFideId "13709810"]
[BlackFideId "3600017"]
[WhiteElo "2767"]
[BlackElo "2525"]
[Result "1-0"]
[Round "06"]
[TimeControl "180+1"]
[Date "2022.04.26"]
[WhiteClock "0:00:17"]
[BlackClock "0:00:01"]

1. d4 Nf6 2. c4 c5 3. d5 g6 4. Nc3 Bg7 5. e4 d6 6. Be2 O-O 7. h4 e6 8. h5 Re8 9. h6 Bh8 10. Bg5 Qa5 11. Kf1 exd5 12. exd5 a6 13. Rh4 Bf5 14. Rf4 Ne4 15. Nxe4 Rxe4 16. Rxe4 Bxe4 17. g4 Qb4 18. b3 Qc3 19. Rc1 Qe5 20. Bd2 Qh2 21. Bf3 Bd3+ 22. Ne2 Nd7 23. Bc3 Bxc3 24. Rxc3 Qh3+ 25. Ke1 Qxf3 26. Rxd3 Qxg4 27. Qa1 Ne5 28. f4 Qh4+ 29. Kd2 Qxh6 30. Re3 Ng4 31. Re7 b5 32. Qg1 Qh4 33. Re4 bxc4 34. bxc4 Rb8 35. Kc2 Qf6 36. Nc3 Nh6 37. Qe1 Nf5 38. Re8+ Rxe8 39. Qxe8+ Kg7 40. Ne4 Nd4+ 41. Kd3 Qxf4 42. Nd2 Qf5+ 43. Ke3 h5 44. Qe7 Nc2+ 45. Ke2 Nd4+ 46. Ke1 Qf6 47. Qe4 Qe5 48. Qxe5+ dxe5 49. Ne4 f5 50. Nxc5 h4 51. Nxa6 h3 52. Kf2 g5 53. c5 g4 54. c6 f4 55. c7 g3+ 56. Ke1 h2 57. c8=Q h1=Q+ 58. Kd2 Qxd5 59. Nb4 Qd6 60. Qb7+ Kg6 61. Kc3 Ne6 62. Nd3 Qd4+ 63. Kc2 e4 64. Nb2 Qc5+ 65. Kd2 g2 66. Qxe4+ Kf6 67. Qxg2 Qd4+ 68. Nd3 Nc5 69. Qc6+ Ne6 70. a4 f3 71. Qxf3+ Ke7 72. Qc6 Kf6 73. a5 Kf5 74. a6 Nf4 75. Qb5+ Kg4 76. Kc2 Nxd3 77. Qxd3 Qa4+ 78. Kb2 Qb4+ 79. Ka2 Qa4+ 80. Kb1 Qb4+ 81. Kc2 Qa4+ 82. Kd2 Qa2+ 83. Ke3 Qa5 84. Qd4+ Kh3 85. a7 1-0


[Site "https://www.chess.com"]

[Event "Titled Tuesday Blitz April 26 Early 2022"]
[White "Vlassov, Nikolai"]
[Black "Safarli, Eltaj"]
[WhiteFideId "4103360"]
[BlackFideId "13402129"]
[WhiteElo "2407"]
[BlackElo "2634"]
[Result "0-1"]
[Round "06"]
[TimeControl "180+1"]
[Date "2022.04.26"]
[WhiteClock "0:00:15"]
[BlackClock "0:00:35"]

1. e4 c5 2. c3 d5 3. exd5 Qxd5 4. d4 Nf6 5. Nf3 e6 6. a3 Be7 7. Be3 b6 8. c4 Qd8 9. Nc3 O-O 10. dxc5 Bxc5 11. Bxc5 bxc5 12. Qxd8 Rxd8 13. Be2 Nc6 14. O-O Nd4 15. Rfd1 Bb7 16. Ne5 Ne4 17. Nxe4 Nxe2+ 18. Kf1 Bxe4 19. Kxe2 Bxg2 20. f3 f6 21. Rxd8+ Rxd8 22. Nc6 Rd7 23. b4 e5 24. Kf2 Bh3 25. b5 Be6 26. Rc1 Rd2+ 27. Kg3 g5 28. Nxa7 f5 29. f4 gxf4+ 30. Kh3 Rb2 31. a4 e4 32. a5 e3 33. b6 f3 34. Nb5 f4+ 35. Kh4 h6 36. h3 Rh2 37. Kh5 Kh7 38. h4 Rg2 39. Nd6 Bg4# 0-1


[Site "https://www.chess.com"]

[Event "Titled Tuesday Blitz April 26 Early 2022"]
[White "Vokhidov, Shamsiddin"]
[Black "Araujo Sanchez, Josue"]
[WhiteFideId "14204223"]
[BlackFideId "6416896"]
[WhiteElo "2611"]
[BlackElo "2339"]
[Result "1-0"]
[Round "06"]
[TimeControl "180+1"]
[Date "2022.04.26"]
[WhiteClock "0:00:12"]
[BlackClock "0:00:42"]

1. e4 c5 2. Nf3 e6 3. g3 b6 4. d4 cxd4 5. Nxd4 Bb7 6. Bg2 a6 7. O-O Nf6 8. Re1 d6 9. c4 Nbd7 10. Nc3 Rc8 11. b3 b5 12. e5 Bxg2 13. exf6 Ba8 14. fxg7 Bxg7 15. Bb2 O-O 16. Ne4 Ne5 17. f4 bxc4 18. Nxd6 Qxd6 19. fxe5 Qb6 20. Rc1 Qb7 21. Nf3 Rfd8 22. Qe2 Rd3 23. Rxc4 Rxf3 24. Rxc8+ Qxc8 25. Rd1 Qc5+ 26. Bd4 Qc6 27. Be3 Rxe3 28. Rd8+ Bf8 29. Qg4+ 1-0


[Site "https://www.chess.com"]

[Event "Titled Tuesday Blitz April 26 Early 2022"]
[White "Vovk, Orest"]
[Black "Rustemov, Alexander"]
[WhiteFideId "14113490"]
[BlackFideId "4119002"]
[WhiteElo "2559"]
[BlackElo "2837"]
[Result "0-1"]
[Round "06"]
[TimeControl "180+1"]
[Date "2022.04.26"]
[WhiteClock "0:00:09"]
[BlackClock "0:00:27"]

1. e4 e6 2. d3 d5 3. Nd2 c5 4. Ngf3 Nc6 5. Be2 g6 6. O-O Bg7 7. c3 Nge7 8. Re1 O-O 9. Bf1 e5 10. exd5 Nxd5 11. Nc4 Re8 12. a4 h6 13. Qb3 Rb8 14. a5 b6 15. axb6 axb6 16. h3 b5 17. Ne3 Be6 18. Qa3 b4 19. Qa4 Qc7 20. Nc4 bxc3 21. bxc3 Nxc3 22. Qa3 Bxc4 23. Qxc3 e4 24. Qxc4 Bxa1 25. dxe4 Nd4 26. Nxd4 Bxd4 27. Bxh6 Rb2 28. Be3 Qe5 29. Bxd4 Qxd4 30. Qxd4 cxd4 31. f3 Rd8 32. Rd1 g5 33. Kh2 Kg7 34. Kg3 Kf6 35. Bc4 Ke5 36. Bxf7 d3 37. Bd5 Kd4 38. Ra1 d2 39. Kg4 Rc8 40. Rd1 Rc1 41. Rxd2+ Rxd2 42. Kxg5 Rxg2+ 43. Kf5 Rf1 44. f4 Rgf2 45. Ke6 Rxf4 0-1


[Site "https://www.chess.com"]

[Event "Titled Tuesday Blitz April 26 Early 2022"]
[White "Xiong, Jeffery"]
[Black "Asavasaetakul, Chawit"]
[WhiteFideId "2047640"]
[BlackFideId "6204856"]
[WhiteElo "2727"]
[BlackElo "1697"]
[Result "1-0"]
[Round "06"]
[TimeControl "180+1"]
[Date "2022.04.26"]
[WhiteClock "0:01:21"]
[BlackClock "0:01:05"]

1. Nf3 d5 2. g3 c6 3. Bg2 Nf6 4. O-O Bf5 5. c4 e6 6. Qb3 Qb6 7. d3 Nbd7 8. Qc2 h6 9. Be3 Bc5 10. Bxc5 Nxc5 11. Nbd2 O-O 12. Rab1 a5 13. Rfc1 Rfd8 14. cxd5 Rxd5 15. Nh4 Nxd3 16. exd3 Bxd3 17. Qb3 Qxb3 18. axb3 Rd7 19. Ra1 g5 20. Nhf3 Kg7 21. Ne5 Rdd8 22. Ndc4 Bxc4 23. Nxc4 Rd3 24. Nxa5 Ra7 25. Bf1 Rd2 26. Nc4 Rxa1 27. Rxa1 Rd7 28. Ra7 Nd5 29. Na5 1-0


[Site "https://www.chess.com"]

[Event "Titled Tuesday Blitz April 26 Early 2022"]
[White "Xu, Yi"]
[Black "Aggelis, Nikolaos"]
[WhiteFideId "8605564"]
[BlackFideId "4213220"]
[WhiteElo "2826"]
[BlackElo "2520"]
[Result "1-0"]
[Round "06"]
[TimeControl "180+1"]
[Date "2022.04.26"]
[WhiteClock "0:00:06"]
[BlackClock "0:00:39"]

1. e4 e5 2. Nf3 Nc6 3. d4 exd4 4. Nxd4 Bc5 5. Nb3 Bb6 6. Nc3 Nge7 7. Bg5 h6 8. Bh4 d6 9. Qe2 O-O 10. O-O-O Be6 11. f4 Qe8 12. f5 Bd7 13. f6 Ng6 14. fxg7 Kxg7 15. Bg3 Be6 16. Kb1 f5 17. Nd5 Bxd5 18. exd5 Qxe2 19. Bxe2 Nce5 20. Nd4 Bxd4 21. Rxd4 f4 22. Be1 f3 23. gxf3 Nxf3 24. Rc4 Nxe1 25. Rxc7+ Rf7 26. Rxf7+ Kxf7 27. Rxe1 Re8 28. Rf1+ Kg7 29. Bh5 Re5 30. Bxg6 Kxg6 31. c4 Re2 32. h3 Re3 33. Rf8 Rxh3 34. Rd8 Kf7 35. Rxd6 Ke7 36. Rg6 b6 37. Kc2 h5 38. b4 h4 39. c5 bxc5 40. bxc5 Rg3 41. Rh6 h3 42. c6 Rg2+ 43. Kc3 h2 44. d6+ Kf7 45. c7 Kg7 46. c8=Q Rg3+ 47. Kb4 Kxh6 48. Qh8+ Kg5 49. Qxh2 Rd3 50. Qe5+ Kg4 51. Qe4+ 1-0


[Site "https://www.chess.com"]

[Event "Titled Tuesday Blitz April 26 Early 2022"]
[White "Yang, Kaiqi"]
[Black "Gokerkan, Cem Kaan"]
[WhiteFideId "8604398"]
[BlackFideId "6336760"]
[WhiteElo "2373"]
[BlackElo "2382"]
[Result "0-1"]
[Round "06"]
[TimeControl "180+1"]
[Date "2022.04.26"]
[WhiteClock "0:00:14"]
[BlackClock "0:00:27"]

1. d4 Nf6 2. c4 e6 3. Bf4 d5 4. cxd5 exd5 5. Nc3 c6 6. e3 Bd6 7. Bg3 O-O 8. Bd3 Re8 9. Nf3 Bg4 10. Qc2 Bxf3 11. gxf3 a5 12. O-O-O Na6 13. Kb1 Nb4 14. Qd2 Nxd3 15. Qxd3 a4 16. a3 b5 17. Na2 Qe7 18. Bxd6 Qxd6 19. Rc1 Nd7 20. Nb4 Rec8 21. Rc2 Nb6 22. h4 Nc4 23. h5 Re8 24. f4 Re6 25. Qf5 Rh6 26. Rg1 Qf6 27. Qg4 g6 28. hxg6 Rxg6 29. Qd1 Rxg1 30. Qxg1+ Qg6 31. Qh1 Re8 32. Ka2 Kh8 33. Rc1 Rg8 34. Qh4 h6 35. Rh1 Kh7 36. Rh3 Nd2 37. f5 Qg5 38. Nxc6 Qxh4 39. Rxh4 Rg1 40. Ne5 Nb3 0-1


[Site "https://www.chess.com"]

[Event "Titled Tuesday Blitz April 26 Early 2022"]
[White "Yeremyan, Alen"]
[Black "Fiorito, Fabian"]
[WhiteFideId "13308998"]
[BlackFideId "100200"]
[WhiteElo "2743"]
[BlackElo "2472"]
[Result "1-0"]
[Round "06"]
[TimeControl "180+1"]
[Date "2022.04.26"]
[WhiteClock "0:00:29"]
[BlackClock "0:00:20"]

1. e4 c6 2. Nc3 d5 3. Nf3 Bg4 4. h3 Bxf3 5. Qxf3 Nf6 6. d3 e6 7. Bd2 Qb6 8. Rb1 Nbd7 9. g3 Bb4 10. a3 Bd6 11. Qe2 d4 12. Nd1 Bxa3 13. Bg2 Bb4 14. O-O Bxd2 15. Qxd2 h5 16. f4 h4 17. g4 O-O-O 18. Kh1 Kb8 19. b4 Qb5 20. Nb2 Nb6 21. Ra1 c5 22. bxc5 Qxc5 23. Rfb1 Nfd7 24. e5 g5 25. Na4 Qc7 26. Qa5 Nd5 27. Qxa7+ Kc8 28. Bxd5 exd5 29. Rb4 Rh6 30. Rab1 Ra6 31. Qxd4 gxf4 32. Rxb7 Qxb7 33. Rxb7 Kxb7 34. Qxd5+ Kc8 35. Qc4+ Kb7 36. Qxf7 Rxa4 37. e6 f3 38. exd7 Ra1+ 39. Kh2 Rf1 40. g5 Kc7 41. d4 Rxd7 42. Qc4+ 1-0


[Site "https://www.chess.com"]

[Event "Titled Tuesday Blitz April 26 Early 2022"]
[White "Yuan, Qingyu"]
[Black "Demin, Vladimir"]
[WhiteFideId "8609772"]
[BlackFideId "4167457"]
[WhiteElo "2359"]
[BlackElo "2413"]
[Result "1-0"]
[Round "06"]
[TimeControl "180+1"]
[Date "2022.04.26"]
[WhiteClock "0:00:13"]
[BlackClock "0:00:11"]

1. e4 Nf6 2. e5 Nd5 3. c4 Nb6 4. d4 d6 5. f4 dxe5 6. fxe5 Bf5 7. Nc3 e6 8. Be3 Bb4 9. Nf3 c5 10. Qb3 Nc6 11. dxc5 Nd7 12. O-O-O Qa5 13. Nb5 Bxc5 14. Bxc5 Nxc5 15. Nd6+ Kf8 16. Qb5 Qxb5 17. cxb5 Nb4 18. Nxf5 exf5 19. a3 a5 20. axb4 axb4 21. Bc4 Ke7 22. Kb1 b3 23. Nd4 g6 24. Nxb3 Ne4 25. Rhe1 Ra4 26. Bd5 Rha8 27. Bxe4 fxe4 28. Rd4 Rxd4 29. Nxd4 Ra4 30. Rxe4 Ke8 31. b3 1-0


[Site "https://www.chess.com"]

[Event "Titled Tuesday Blitz April 26 Early 2022"]
[White "Zia, Tahsin Tajwar"]
[Black "Legenia, Artem"]
[WhiteFideId "10211888"]
[BlackFideId "14136945"]
[WhiteElo "1800"]
[BlackElo "1936"]
[Result "1-0"]
[Round "06"]
[TimeControl "180+1"]
[Date "2022.04.26"]
[WhiteClock "0:02:17"]
[BlackClock "0:02:06"]

1. d4 f5 2. Nc3 e6 3. e4 fxe4 4. Nxe4 Nf6 5. Bd3 Be7 6. Nf3 O-O 7. Qe2 Nc6 8. c3 Nxe4 9. Qxe4 g6 10. Bh6 Rf7 11. O-O-O d5 12. Qe3 Bf6 13. h4 Re7 14. h5 e5 15. dxe5 Nxe5 16. hxg6 hxg6 17. Nxe5 Rxe5 18. Qg3 Bg5+ 19. f4 Bxh6 20. Rxh6 1-0


[Site "https://www.chess.com"]

[Event "Titled Tuesday Blitz April 26 Early 2022"]
[White "volunteers1998"]
[Black "Ljukin, Sergei"]
[BlackFideId "14102200"]
[WhiteElo "2311"]
[BlackElo "2312"]
[Result "0-1"]
[Round "06"]
[TimeControl "180+1"]
[Date "2022.04.26"]
[WhiteClock "0:01:19"]
[BlackClock "0:01:24"]

1. e4 e6 2. Nf3 d5 3. Nc3 Nf6 4. e5 Nfd7 5. d4 c5 6. dxc5 Nc6 7. Bf4 Nxc5 8. Be2 Be7 9. O-O g5 10. Bg3 h5 11. h3 Bd7 12. Re1 Qb6 13. Qd2 O-O-O 14. Nxg5 Rhg8 15. Nxf7 Rdf8 16. Nd6+ Bxd6 17. exd6 Rxg3 18. Bxh5 Rgg8 19. a3 d4 20. Ne4 Nxe4 21. Rxe4 e5 22. b4 Bxh3 23. g3 Bf5 24. Re2 e4 25. Qf4 e3 26. fxe3 dxe3 27. Qxe3 Rxg3+ 0-1


[Site "https://www.chess.com"]

[Event "Titled Tuesday Blitz April 26 Early 2022"]
[White "Abarca Gonzalez, Nicolas"]
[Black "Grandelius, Nils"]
[WhiteFideId "3409422"]
[BlackFideId "1710400"]
[WhiteElo "2504"]
[BlackElo "2617"]
[Result "1-0"]
[Round "07"]
[TimeControl "180+1"]
[Date "2022.04.26"]
[WhiteClock "0:00:09"]
[BlackClock "0:00:13"]

1. e4 c5 2. Nf3 d6 3. Bc4 Nf6 4. e5 dxe5 5. Nxe5 e6 6. Qe2 Be7 7. O-O O-O 8. Re1 Nd5 9. Nc3 Nb4 10. d3 N8c6 11. Nf3 Nd4 12. Nxd4 cxd4 13. Ne4 Bd7 14. a3 Nd5 15. Bxd5 exd5 16. Nd2 Re8 17. Qh5 Bf6 18. Rxe8+ Qxe8 19. Nf3 Rc8 20. Bg5 Bxg5 21. Qxg5 Rxc2 22. Re1 Be6 23. Nxd4 Rxb2 24. f4 h6 25. Qe5 Qd8 26. Nxe6 Qb6+ 27. Nd4 Ra2 28. Qxd5 Rxa3 29. Re8+ Kh7 30. Qf5+ Qg6 31. Qxg6+ Kxg6 32. Nb5 Ra1+ 33. Kf2 a6 34. Nd6 b5 35. d4 Ra2+ 36. Kf3 Rd2 37. Ke3 Rxg2 38. Ra8 Rxh2 39. Rxa6 b4 40. Ne4+ Kf5 41. Nc5 b3 42. Rb6 b2 43. Nd3 g5 44. fxg5 hxg5 45. Rxb2 Rh3+ 46. Kd2 Ke4 47. Nf2+ Kxd4 48. Nxh3 g4 49. Ng5 f5 50. Rb4+ Ke5 51. Ke3 Kf6 52. Kf4 g3 53. Rb6+ Ke7 54. Kxg3 Kd7 55. Kf4 Kc7 56. Re6 Kd7 57. Kxf5 1-0


[Site "https://www.chess.com"]